 Dungeon Crawl Stone Soup version 0.28.0-45-g0d030f2227 (webtiles) character file.

Game seed: 10960545182777430898

64 acdeimund the Conjurer (level 4, -13/32 HPs)
             Began as a Human Conjurer on Apr 8, 2022.
             Was an Initiate of Vehumet.
             Mangled by an orc warrior
             ... wielding a +0 short sword
              (15 damage)
             ... on level 5 of the Dungeon on Apr 11, 2022.
             The game lasted 00:12:39 (2778 turns).

acdeimund the Conjurer (Human Conjurer)             Turns: 2778, Time: 00:12:40

Health: -13/32     AC:  3    Str:  7    XL:     4   Next: 32%
Magic:  8/8        EV: 12    Int: 21    God:    Vehumet [......]
Gold:   132        SH:  0    Dex: 11    Spells: 2/8 levels left

rFire   . . .      SeeInvis .   b - +0 dagger
rCold   . . .      Faith    .   (no shield)
rNeg    . . .      Spirit   .   a - +0 robe
rPois   .          Reflect  .   (no helmet)
rElec   .          Harm     .   (no cloak)
rCorr   .          Rampage  .   h - +0 pair of gloves
Will    .....                   (no boots)
Stlth   ++........              (no amulet)
HPRegen 0.10/turn               (no ring)
MPRegen 0.11/turn               (no ring)

@: marked
A: no striking features
a: Renounce Religion


You were on level 5 of the Dungeon.
You worshipped Vehumet.
Vehumet was noncommittal.
You visited 1 branch of the dungeon, and saw 5 of its levels.

You collected 132 gold pieces.

Inventory:

Hand Weapons
 b - a +0 dagger (weapon)
 e - a +0 club
Missiles
 d - 4 poisoned darts
Armour
 a - a +0 robe (worn)
 h - a +0 pair of gloves (worn)
Wands
 i - a wand of flame (22)
 k - a wand of iceblast (9)
Scrolls
 g - a scroll of teleportation
 l - a scroll of fear
Potions
 c - 4 potions of heal wounds
 j - a potion of resistance


   Skills:
 + Level 1.0 Fighting
 + Level 2.3 Dodging
 + Level 2.5 Stealth
 * Level 2.8 Spellcasting
 * Level 4.4 Conjurations


You had 2 spell levels left.
You knew the following spells:

 Your Spells              Type           Power      Damage    Failure   Level
a - Magic Dart            Conj           84%        1d7       2%          1
b - Searing Ray           Conj           42%        2d6       3%          2
c - Dazzling Flash        Conj/Hex       24%        N/A       17%         3

Your spell library contained the following spells:

 Spells                   Type           Power      Damage    Failure   Level
 Fulminant Prism          Conj/Hex       6%         3d7       50%         4
 Iskenderun's Mystic Bla  Conj/Tloc      12%        2d5       50%         4


Dungeon Overview and Level Annotations

Branches:
Dungeon (6/15)
 Temple: D:4-7

Altars:
Sif Muna
Vehumet

Annotations:
D:2 1 runed translucent door, Crazy Yiuf, Sigmund


Message History

Found a trident.
l - a scroll labelled ITASHR PEAH
Things that are here:
a +0 short sword; 3 stones You see here a +0 dagger.
Found 5 silver javelins.
Found a stone staircase leading down.
A sourceless malevolence fills the Dungeon...
You fall into a shaft and drop 3 floors!
The shaft crumbles and collapses.
As you read the scroll of identify, it crumbles to dust.
j - a potion of resistance
As you read the scroll of identify, it crumbles to dust.
g - a scroll of teleportation
As you read the scroll of identify, it crumbles to dust.
l - a scroll of fear
Found a dagger.
Found a stone staircase leading up.
There is a stone staircase leading up here.
You climb upwards.
The gnoll shaman shouts!
The gnoll shouts! x3; The orc priest shouts!
Found 26 gold pieces and a long sword.
Found a stone staircase leading up.
There is a stone staircase leading down here.
The gnoll shouts!
The orc warrior shouts!
An orc priest comes into view. It is wielding a +0 mace.
The orc priest shouts!
The orc priest shouts!
The scorpion stings you!
The orc priest pulls the alarm!
The alarm trap emits a blaring wail!
A sentinel's mark forms upon you.
The orc priest hits you from afar with a +0 trident.
You hear a bark!
The orc priest calls down the wrath of Beogh upon you.
Beogh smites you!
* * * LOW HITPOINT WARNING * * *
The scorpion stings you.
* * * LOW HITPOINT WARNING * * *
The orc warrior hits you with a +0 short sword!
You die...

#..... #....#
#$...###
#g.....
#g.g.# #$...#
#######g.>.#
#....s.g.###
#..<@o.g.#
#...oo.......
#...o...#####
#.......#
#.......#
#.......#
#.......#
#.......#


You could see an orc warrior, a scorpion, 3 orc priests and 4 gnolls.

Vanquished Creatures
  2 adders (D:3)
  8 bats
  3 endoplasms
  2 giant cockroaches
  6 goblins
  4 hobgoblins
  5 jackals
  3 ball pythons
  2 frilled lizards
  2 kobolds
  4 rats
41 creatures vanquished.

Notes
Turn   | Place    | Note
-------+----------+-------------------------------------------
     0 | D:1      | acdeimund the Human Conjurer began the quest for the Orb.
     0 | D:1      | Reached XP level 1. HP: 13/13 MP: 3/3
    56 | D:1      | Found a faded altar of an unknown god.
   236 | D:1      | Reached XP level 2. HP: 19/19 MP: 1/5
   370 | D:1      | Learned a level 2 spell: Searing Ray
   854 | D:1      | Reached XP level 3. HP: 25/25 MP: 4/6
   858 | D:1      | Learned a level 3 spell: Dazzling Flash
  1551 | D:2      | Found a runed translucent door.
  1552 | D:2      | Noticed Crazy Yiuf
  1611 | D:2      | Noticed Sigmund
  2098 | D:3      | Found a radiant altar of Vehumet.
  2176 | D:3      | Became a worshipper of Vehumet
  2321 | D:3      | Found a shimmering blue altar of Sif Muna.
  2359 | D:3      | Reached skill level 1 in Fighting
  2359 | D:3      | Reached XP level 4. HP: 32/32 MP: 0/7
  2758 | D:3      | You fall into a shaft and drop 3 floors!
  2773 | D:5      | Entered Level 5 of the Dungeon
  2773 | D:5      | Noticed a scorpion
  2773 | D:5      | Noticed an orc warrior
  2778 | D:5      | Mangled by an orc warrior

Illustrated notes

Levels and vault maps discovered:
D:1:      amcnicky_arrival_gap_in_the_tavern_cellar, layout_loops_ring,
          shapermc_ecumenical_altar_venn
D:2:      layout_loops_ring, minmay_pentomino_p2, uniq_sigmund,
          uniq_crazy_yiuf_cottage
D:3:      layout_basic, led_sif_pool, vehumet_altar_wand_db, minmay_quantized
D:5:      layout_rooms
D:6:      layout_cave_pools, minmay_temple_entry_trees, serial_co_window_serial,
          co_window_paths_a, co_window_of_opportunity_a, co_window_paths_b,
          co_window_paths_b, co_window_paths_b, co_window_paths_b,
          co_window_paths_a, co_window_corner_a, co_window_paths_b,
          co_window_broadway_b, co_window_unsneaky_path_c, co_window_corner_ca,
          co_window_4corner_b, glass_columns_a, uniq_edmund, uniq_eustachio,
          uniq_prince_ribbit1

Skill      XL: |  1  2  3 |
---------------+----------+-----
Fighting       | 1 |  1.0
Dodging        | |  2.3
Stealth        | |  2.5
Spellcasting   | |  2.8
Conjurations   | |  4.4

Action                   |  1- 3 |  4- 6 || total
-------------------------+-------+-------++-------
Melee: Club              |     4 |       ||     4
       Dagger            |     8 |     1 ||     9
       Punch             |     1 |       ||     1
 Cast: Magic Dart        |    68 |     9 ||    77
       Searing Ray       |     1 |     1 ||     2
  Use: Scroll            |     4 |     3 ||     7
 Stab: Sleeping          |     1 |       ||     1
Armor: Robe              |     7 |       ||     7
Dodge: Dodged            |    21 |     3 ||    24
